 Dungeon Crawl Stone Soup version 0.22.1-6-g1668fe2c40 (webtiles) character file.

24175 Honti the Cleaver (level 12, 0/109 HPs)
             Began as a Deep Dwarf Fighter on Jan 19, 2019.
             Was an Elder of Makhleb.
             Slain by a spiny frog (11 damage)
             ... on level 4 of the Lair of Beasts.
             The game lasted 00:39:32 (12144 turns).

Honti the Cleaver (Deep Dwarf Fighter)             Turns: 12144, Time: 00:39:33

Health: 0/109      AC: 16    Str: 22    XL:     12   Next: 78%
Magic:  9/9        EV: 14    Int: 11    God:    Makhleb [****..]
Gold:   836        SH: 12    Dex: 13    Spells: 11/11 levels left

rFire    + + .     SeeInvis .   N - +2 scimitar (flame)
rCold    . . .     Gourm    .   c - +0 shield
rNeg     + . .     Faith    .   K - +2 ring mail {rF+}
rPois    .         Spirit   .   a - +0 helmet
rElec    .         Reflect  .   M - +2 cloak {MR+}
rCorr    .         Harm     .   d - +0 pair of gloves
MR       +++++     Clarity  +   v - +0 pair of boots
Stlth    +.........             Q - amulet of the Four Winds {rN+ MR+++ Clar}
HPRegen  0.00/turn              p - +5 ring of evasion
MPRegen  0.11/turn              S - ring of protection from fire

@: lethally poisoned (0 -> 0), non-regenerating
A: damage resistance, heal wounds, sense surroundings 2, no regeneration
a: Heal Wounds, Minor Destruction, Lesser Servant of Makhleb, Major Destruction,
Renounce Religion


You were on level 4 of the Lair of Beasts.
You worshipped Makhleb.
Makhleb was greatly pleased with you.
You were not hungry.

You visited 3 branches of the dungeon, and saw 16 of its levels.
You also visited: Sewer.

You collected 1024 gold pieces.
You spent 188 gold pieces at shops.

Inventory:

Hand Weapons
 E - a +2 vampiric war axe
 N - a +2 scimitar of flaming (weapon)
Armour
 a - a +0 helmet (worn)
 c - a +0 shield (worn)
 d - a +0 pair of gloves (worn)
 v - a +0 pair of boots (worn)
 K - a +2 ring mail of fire resistance (worn)
 M - a +2 cloak of magic resistance (worn)
Jewellery
 j - an uncursed ring of see invisible
 p - a +5 ring of evasion (left hand)
 J - a +2 ring of strength
 Q - the amulet of the Four Winds (around neck) {rN+ MR+++ Clar}
   (You found it on level 1 of the Lair of Beasts)

   [amulet of nothing]

   It protects you from negative energy.
   It affects your resistance to hostile enchantments.
   It protects you against confusion.
 S - a ring of protection from fire (right hand)
 T - a cursed -2 ring of evasion
Wands
 b - a wand of polymorph (13)
 h - a wand of iceblast (19)
 l - a wand of acid (7)
 q - a wand of clouds (5)
 y - a wand of digging (5)
 I - a wand of random effects (58)
 O - a wand of flame (18)
Scrolls
 k - 3 scrolls of amnesia
 n - 4 scrolls of immolation
 o - a scroll of noise
 r - 8 scrolls of remove curse
 s - 4 scrolls of fog
 u - 6 scrolls of teleportation
 w - a scroll of magic mapping
 x - a scroll of summoning {unknown}
 D - a scroll of vulnerability {unknown}
 F - 2 scrolls of identify
 G - a scroll of fear {unknown}
 H - a scroll of silence {unknown}
 U - a scroll of enchant armour {unknown}
Potions
 e - 2 potions of resistance
 g - a potion of ambrosia
 i - 3 potions of curing
 m - a potion of brilliance
 t - a potion of mutation {unknown}
 z - 2 potions of haste {unknown}
 A - 2 potions of invisibility {unknown}
 C - 3 potions of magic {unknown}
 P - a potion of cancellation {unknown}
 R - 2 potions of lignification
Miscellaneous
 L - a lightning rod (4/4)
Comestibles
 f - 29 rations


   Skills:
 + Level 7.5 Fighting
 * Level 14.9 Axes
 + Level 9.1 Armour
 + Level 9.2 Shields
 - Level 8.7 Invocations
 - Level 9.7 Evocations


You had 11 spell levels left.
You didn't know any spells.
Your spell library contained the following spells:

 Spells                   Type           Power        Failure   Level  Hunger
 Animate Skeleton         Necr           N/A          73%         1    ##.....
 Beastly Appendage        Tmut           #.....       73%         1    ##.....
 Magic Dart               Conj           #...         73%         1    ##.....
 Pain                     Necr           #...         73%         1    ##.....
 Sandblast                Erth           #.....       73%         1    ##.....
 Passwall                 Tmut/Erth      #.......     86%         2    ###....
 Sticks to Snakes         Tmut           #.......     86%         2    ###....
 Swiftness                Chrm/Air       #.......     86%         2    ###....
 Spider Form              Tmut/Pois      #.........   97%         3    ####...
 Stone Arrow              Conj/Erth      #.....       97%         3    ####...
 Vampiric Draining        Necr           #.........   97%         3    ####...
 Animate Dead             Necr           N/A          100%        4    #####..
 Ice Form                 Ice/Tmut       #.......     100%        4    #####..
 Passage of Golubria      Tloc           N/A          100%        4    #####..
 Blade Hands              Tmut           #.........   100%        5    ######.
 Lee's Rapid Deconstruct  Erth           #.........   100%        5    ######.
 Conjure Ball Lightning   Conj/Air       #.........   100%        6    #######
 Darkness                 Hex            #.........   100%        6    #######
 Invisibility             Hex            #.......     100%        6    #######
 Regeneration             Chrm/Necr      Unusable     N/A         3    N/A

Dungeon Overview and Level Annotations

Branches:
Dungeon (11/15)            Temple (1/1) D:7            Lair (4/6) D:11
  Swamp (0/4) Lair:2          Orc (0/2) D:10
  Snake: Lair:2-4    Spider: Lair:2-4

Altars:
Ashenzari
Cheibriados
Dithmenos
Elyvilon
Fedhas
Gozag
Hepliaklqana
Kikubaaqudgha
Makhleb
Nemelex Xobeh
Okawaru
Qazlal
Ru
Sif Muna
Trog
Uskayaw
Vehumet
Wu Jian
Xom
Yredelemnul
Zin
The Shining One
Beogh

Shops:
D:8 *

Portals:
Labyrinth: Lair:4

Annotations:
D:7 3 runed doors, Toogi's ghost, novice VSAs
D:8 3 runed doors, Pepega's ghost, novice MiFi


Innate Abilities, Weirdness & Mutations

You are resistant to damage.
You can heal yourself by infusing magical energy.
You passively map the area around you.
You do not regenerate.


Message History

The spiny frog stings you!!
* * * LOW HITPOINT WARNING * * *
You hit the three-headed hydra. You burn the three-headed hydra.
The three-headed hydra is almost dead.
The three-headed hydra bites you.
You block the three-headed hydra's attack.
The three-headed hydra bites you but does no damage.
You block the spiny frog's attack.
The three-headed hydra closely misses you.
The three-headed hydra barely misses you.
The three-headed hydra bites you!
* * * LOW HITPOINT WARNING * * *
You feel better. The spiny frog stings you!
* * * LOW HITPOINT WARNING * * *
You are poisoned.
The spiny frog poisons you!
The three-headed hydra closely misses you.
You block the three-headed hydra's attack. x2
The spiny frog stings you!
You die...

, * , ,, ,, , ........ ,
, *###....P #...... , ,
,, P...... * **##.....
,, , , .....## #..... ,
###..... , #....# ,
#......# ,. #[.... , **
, #.....# .+####^...# ,
, * #..F.#####..#......#
,
##.#.D@.#.##P.#.#P.....
, ,
........................
........................
........................
**
#P......................
* *
###.....#.##.#..........
,*
*#.#....######.##.......
, ##.....# ###.##.......
* , ##.... *
...#.........


You could see a three-headed hydra and a spiny frog.

Vanquished Creatures
  A hydra (Lair:4)
  2 catoblepae (Lair:3)
  Erica (D:11)
  A centaur warrior (D:10)
  A two-headed ogre (D:10)
  Urug (D:10)
  A manticore (D:11)
  Maurice (D:11)
  6 elephants (Lair:2)
  A black mamba (Lair:3)
  Joseph (D:10)
  4 spiny frogs
  10 komodo dragons
  2 trolls
  2 hippogriffs
  A shadow (D:10)
  A spriggan (Lair:2)
  13 yaks
  Sigmund (D:5)
  3 wyverns
  3 hungry ghosts
  A human (D:8)
  A basilisk (Lair:2)
  2 hogs (D:8)
  8 water moccasins
  4 porcupines (Lair:3)
  2 ice beasts (D:10)
  6 orc warriors
  A black bear (D:9)
  2 phantoms
  A sky beast (D:10)
  An eye of draining (D:10)
  4 wolves (Lair:1)
  2 ogres
  10 centaurs
  2 crocodiles
  2 big kobolds (D:7)
  Blork the orc (D:5)
  16 bullfrogs
  A wyvern zombie (D:11)
  A gnoll sergeant (D:9)
  3 scorpions
  2 crimson imps (D:10)
  2 quasits (D:11)
  4 hounds
  4 jellies
  7 orc priests
  3 bullfrog skeletons
  4 orc wizards
  2 centaur skeletons
  8 iguanas
  4 worker ants
  A killer bee zombie (D:10)
  A mummy (D:7)
  9 gnolls
  2 worker ant zombies
  17 adders
  3 river rats (D:4)
  2 shadow imps
  6 oozes
  2 adder skeletons
  3 worms
  4 dart slugs (D:2)
  17 leopard geckos
  25 orcs
  5 bats
  13 giant cockroaches
  3 goblins
  4 hobgoblins (D:2)
  6 jackals
  3 quokkas
  14 ball pythons
  9 frilled lizards
  A hobgoblin zombie (D:7)
  A jackal zombie (D:6)
  16 kobolds
  A kobold zombie (D:7)
  A leopard gecko zombie (D:7)
  2 orc zombies (D:7)
  A quokka skeleton (D:6)
  6 rats
  3 fungi
349 creatures vanquished.

Vanquished Creatures (collateral kills)
  A death knight (D:11)
  An orc warrior (D:11)
2 creatures vanquished.

Vanquished Creatures (others)
  3 plants
3 creatures vanquished.

Grand Total: 354 creatures vanquished

Notes
Turn   | Place    | Note
-------+----------+-------------------------------------------
     0 | D:1      | Honti the Deep Dwarf Fighter began the quest for the Orb.
     0 | D:1      | Reached XP level 1. HP: 20/20 MP: 1/1
   205 | D:1      | Reached skill level 3 in Axes
   275 | D:1      | Reached XP level 2. HP: 24/27 MP: 2/2
   751 | D:2      | Reached skill level 4 in Axes
   751 | D:2      | Reached XP level 3. HP: 32/33 MP: 2/2
   934 | D:2      | Reached XP level 4. HP: 26/40 MP: 2/2
  1233 | D:3      | Reached skill level 5 in Axes
  1520 | D:3      | Reached XP level 5. HP: 46/46 MP: 3/3
  1741 | D:4      | Noticed an ogre
  1748 | D:4      | Killed an ogre
  1748 | D:4      | Reached skill level 6 in Axes
  1981 | D:4      | Reached skill level 7 in Axes
  1981 | D:4      | Reached XP level 6. HP: 44/55 MP: 4/4
  2148 | D:4      | Found a glowing drain.
  2168 | Sewer    | Entered a sewer
  2457 | Sewer    | Reached skill level 8 in Axes
  2527 | Sewer    | Reached XP level 7. HP: 55/61 MP: 5/5
  2693 | D:4      | Found a blossoming altar of Fedhas.
  3030 | D:5      | Entered Level 5 of the Dungeon
  3065 | D:5      | Noticed Blork the orc
  3074 | D:5      | Killed Blork the orc
  3074 | D:5      | Reached skill level 9 in Axes
  3078 | D:5      | Noticed Sigmund
  3085 | D:5      | Killed Sigmund
  3149 | D:5      | Reached skill level 10 in Axes
  3236 | D:5      | Reached XP level 8. HP: 49/68 MP: 6/6
  3538 | D:5      | Got a warped marble ring
  3765 | D:6      | Reached skill level 1 in Evocations
  4576 | D:7      | Reached skill level 11 in Axes
  4616 | D:7      | Found a staircase to the Ecumenical Temple.
  4704 | D:7      | Gained mutation: You passively map the area around you.
                  | [Deep Dwarf growth]
  4704 | D:7      | Reached XP level 9. HP: 78/78 MP: 8/8
  5126 | D:7      | Found a runed gate.
  5126 | D:7      | Found a runed gate.
  5126 | D:7      | Found a runed gate.
  5126 | D:7      | Noticed Toogi's ghost (novice VSAs)
  5160 | D:7      | Identified the ring of Coronation {rElec rF- Int+3 Stlth+}
                  | (You found it on level 5 of the Dungeon)
  5290 | Temple   | Entered the Ecumenical Temple
  5390 | Temple   | Became a worshipper of Makhleb the Destroyer
  5648 | D:8      | Found a runed gate.
  5648 | D:8      | Found a runed gate.
  5649 | D:8      | Found a runed gate.
  5658 | D:8      | Noticed Pepega's ghost (novice MiFi)
  5821 | D:8      | Noticed a troll
  5832 | D:8      | Killed a troll
  5832 | D:8      | Reached skill level 5 in Shields
  5832 | D:8      | Reached skill level 1 in Invocations
  6245 | D:7      | You fall through a shaft for 2 floors!
  6270 | D:9      | Reached skill level 5 in Armour
  6301 | D:9      | Reached skill level 5 in Evocations
  6337 | D:9      | Noticed a troll
  6347 | D:9      | Killed a troll
  6695 | D:9      | Reached skill level 12 in Axes
  6950 | D:9      | Reached * piety under Makhleb
  7015 | D:8      | Found Hiyvilue's General Store.
  7023 | D:8      | Bought a scroll of identify for 26 gold pieces
  7023 | D:8      | Bought a +0 vampiric war axe for 162 gold pieces
  7231 | D:8      | Reached XP level 10. HP: 87/87 MP: 10/10
  7425 | D:9      | Reached skill level 5 in Fighting
  7791 | D:10     | Entered Level 10 of the Dungeon
  7824 | D:10     | Reached ** piety under Makhleb
  7829 | D:10     | Noticed a two-headed ogre
  7839 | D:10     | Killed a two-headed ogre
  7888 | D:10     | Found a roughly hewn altar of Beogh.
  7888 | D:10     | Found a staircase to the Orcish Mines.
  7894 | D:10     | Reached skill level 5 in Invocations
  8019 | D:10     | Noticed a centaur warrior
  8039 | D:10     | Killed a centaur warrior
  8154 | D:10     | Noticed Urug
  8169 | D:10     | Reached skill level 13 in Axes
  8169 | D:10     | Reached XP level 11. HP: 83/97 MP: 10/10
  8197 | D:10     | Killed Urug
  8440 | D:10     | Noticed Joseph
  8465 | D:10     | Killed Joseph
  8635 | D:10     | Reached *** piety under Makhleb
  8752 | D:11     | Found a shimmering altar of Xom.
  8822 | D:11     | Noticed a death knight
  8839 | D:11     | HP: 3/97 [mirror damage (13)]
  8840 | D:11     | Killed a death knight
  8964 | D:11     | Noticed Maurice
  8979 | D:11     | Killed Maurice
  9286 | D:11     | Noticed Erica
  9305 | D:11     | Killed Erica
  9378 | D:11     | Found a staircase to the Lair.
  9462 | Lair:1   | Entered Level 1 of the Lair of Beasts
  9904 | Lair:1   | Found the amulet of the Four Winds {rN+ MR+++ Clar}
 10007 | Lair:1   | Reached skill level 14 in Axes
 10007 | Lair:1   | Reached XP level 12. HP: 106/106 MP: 11/11
 10157 | Lair:1   | Reached **** piety under Makhleb
 10598 | Lair:2   | Found a staircase to the Swamp.
 10741 | Lair:2   | Identified the Collected Works on Clay and Combat Magic
 11154 | Lair:3   | Noticed a catoblepas
 11192 | Lair:3   | Killed a catoblepas
 11372 | Lair:3   | Noticed a catoblepas
 11479 | Lair:3   | Killed a catoblepas
 11978 | Lair:4   | Noticed a five-headed hydra
 11990 | Lair:4   | Killed a one-headed hydra
 12094 | Lair:4   | Found a labyrinth entrance.
 12131 | Lair:4   | Noticed a seven-headed hydra
 12144 | Lair:4   | Slain by a spiny frog

Skill      XL: |  1  2  3  4  5  6  7  8  9 10 11 12 |
---------------+-------------------------------------+-----
Axes           | 3 4 5 7 8 10 11 12 13 14 | 14.9
Evocations     | 3 5 7 8 9 |  9.7
Fighting       | 3 4 5 6 7 |  7.5
Armour         | 4 5 6 8 9 |  9.1
Shields        | 4 5 7 8 9 |  9.2
Invocations    | 3 5 7 8 |  8.7

Action                   |  1- 3 |  4- 6 |  7- 9 | 10-12 || total
-------------------------+-------+-------+-------+-------++-------
Melee: War axe           |   134 |   269 |   401 |   815 ||  1619
       Scimitar          |       |       |       |    15 ||    15
Invok: Minor Destruction |       |       |       |     1 ||     1
       Lesser Servant of |       |       |       |     1 ||     1
 Abil: Heal Wounds       |     2 |     5 |    17 |    28 ||    52
Evoke: Wand              |       |       |       |     1 ||     1
  Use: Potion            |       |     1 |     6 |     5 ||    12
       Scroll            |       |       |    11 |    14 ||    25
 Stab: Petrified         |       |       |       |     5 ||     5
  Eat: Chunk             |       |     6 |    18 |    16 ||    40
       Ration            |       |       |     2 |     2 ||     4
Armor: Scale mail        |    78 |   137 |   130 |    58 ||   403
       Skin              |       |       |    84 |    19 ||   103
       Ring mail         |       |       |       |   174 ||   174
Dodge: Dodged            |    54 |    90 |    96 |   351 ||   591
Block: Shield            |    86 |   155 |   228 |   431 ||   900
       Rpst.: Scimitar   |       |       |       |     4 ||     4
